 Dungeon Crawl Stone Soup version 0.28.0-53-g5a82cb258f (webtiles) character file.

Game seed: 12176829791360916100

5159 ChickenMitten the Protected (level 10, -4/92 HPs)
             Began as a Deep Dwarf Berserker on Aug 6, 2022.
             Was a Follower of Trog.
             Slain by a boulder beetle (21 damage)
             ... on level 7 of the Dungeon.
             The game lasted 00:23:06 (7924 turns).

ChickenMitten the Protected (Deep Dwarf Berserker)  Turns: 7924, Time: 00:23:07

Health: -4/92      AC: 15    Str: 25    XL:     10   Next: 33%
Magic:  4/4        EV:  9    Int:  8    God:    Trog [*.....]
Gold:   338        SH:  0    Dex: 12    Spells: 9/9 levels left

rFire   . . .      SeeInvis +   r - +0 dagger (vamp)
rCold   . . .      Faith    .   (no shield)
rNeg    . . .      Spirit   .   I - +2 chain mail {Will+}
rPois   .          Reflect  .   (no helmet)
rElec   .          Harm     .   (no cloak)
rCorr   .          Rampage  .   l - +0 pair of gloves
Will    ++...                   (no boots)
Stlth   ..........              J - amulet of the acrobat
HPRegen 0.00/turn               w - ring of see invisible
MPRegen 0.09/turn               (no ring)

@: on berserk cooldown, slowed, very slow
A: damage resistance, heal wounds, sense surroundings 2, no regeneration, see
invisible, evolution 1
a: Heal Wounds, Renounce Religion, Berserk


You were on level 7 of the Dungeon.
You worshipped Trog.
Trog was aware of your devotion.
You visited 1 branch of the dungeon, and saw 8 of its levels.

You collected 338 gold pieces.

Inventory:

Hand Weapons
 a - a +0 hand axe
 r - a +0 vampiric dagger (weapon)
 C - a +0 arbalest
 G - the +8 hand axe of Lyiror {vorpal, rCorr Stlth+}
   (You found it on level 7 of the Dungeon)

   It inflicts extra damage upon your enemies.
   rCorr:     It protects you from acid and corrosion.
   Stlth:     It makes you more stealthy.
Missiles
 d - 107 bolts
Armour
 b - a +0 animal skin
 i - a +0 ring mail
 l - a +0 pair of gloves (worn)
 p - a +0 chain mail
 F - +0 swamp dragon scales
 H - a +0 plate armour
 I - a +2 chain mail of willpower (worn)
Jewellery
 f - an amulet of regeneration
 w - a ring of see invisible (left hand)
 J - an amulet of the acrobat (around neck)
Wands
 q - a wand of iceblast (14)
 u - a wand of charming (9)
 B - a wand of flame (20)
Scrolls
 c - a scroll of fog {unknown}
 e - 2 scrolls of magic mapping {unknown}
 k - 4 scrolls of immolation
 o - 2 scrolls of noise {unknown}
 s - a scroll of acquirement {unknown}
 y - 3 scrolls of vulnerability
 z - 2 scrolls of enchant armour {unknown}
 A - a scroll of enchant weapon {unknown}
 D - 2 scrolls of teleportation {unknown}
Potions
 g - 4 potions of attraction
 h - 2 potions of curing
 j - 3 potions of lignification
 m - 2 potions of flight
 n - 2 potions of haste
 v - 2 potions of ambrosia
 x - a potion of mutation
 E - a potion of berserk rage


   Skills:
 * Level 6.7 Fighting
 * Level 7.2 Short Blades
 - Level 6.6(7.0) Axes
 - Level 2.9(4.9) Maces & Flails
 * Level 3.0 Crossbows
 * Level 10.1 Armour
 - Level 2.1 Dodging


You had 9 spell levels left.
You didn't know any spells.
Your spell library was empty.

Dungeon Overview and Level Annotations

Branches:
Dungeon (8/15)             Temple (0/1) D:5
   Lair: D:8-11

Altars:
Fedhas
Hepliaklqana
Ru
Trog
Wu Jian
Yredelemnul

Shops:
D:4 =


Innate Abilities, Weirdness & Mutations

You are resistant to damage.
You can heal yourself by infusing magical energy.
You passively map the area around you.
You do not regenerate.
You have supernaturally acute eyesight. (SInv)
You have hidden genetic potential.


Message History

You feel much better.
The boulder beetle bites you but does no damage. x2
You hit the boulder beetle but do no damage.
The boulder beetle is almost dead.
The boulder beetle leaps!
The boulder beetle waves its antennae.
The boulder beetle leaps!
The boulder beetle bites you.
The boulder beetle completely misses you.
You hit the boulder beetle but do no damage.
The boulder beetle is almost dead.
The boulder beetle bites you!
You hit the boulder beetle but do no damage.
The boulder beetle is almost dead.
The boulder beetle closely misses you.
You hit the boulder beetle but do no damage.
The boulder beetle is almost dead.
The boulder beetle bites you!
You hit the boulder beetle but do no damage.
The boulder beetle is almost dead.
The boulder beetle closely misses you.
You hit the boulder beetle but do no damage.
You punch the boulder beetle.
The boulder beetle is almost dead.
The boulder beetle leaps!
The boulder beetle curls into a ball and begins rolling!
The boulder beetle hits you!!!
The boulder beetle stops rolling and uncurls.
The boulder beetle closely misses you.
You hit the boulder beetle.
The boulder beetle is severely wounded.
The boulder beetle bites you!
* * * LOW HITPOINT WARNING * * *
You hit the boulder beetle but do no damage.
The boulder beetle is severely wounded.
The boulder beetle completely misses you.
You fail to use your ability.
The boulder beetle bites you.
* * * LOW HITPOINT WARNING * * *
The boulder beetle bites you!!
You die...

#...............##.......
#...............##.......
######...............##.......
#....................##.......
#.####........................
#.# ##..........##............
#.# #.....#.#.................
#.###........B................
#............@....######......
#.................####........
###....#.....#.................
#...(..#.#####..#.#####......).
#.####.#.# #..#.##.....##.##.
#.# #.#.# #..#.##.###....##.
#.####.#.# #....##.# #####...
#....#.#.# ####.####.# #.##
####.#.#.# #....# #<# ####.##


You could see a boulder beetle.

Vanquished Creatures
  Harold (D:8)
  Pikel (D:5)
  Psyche (D:7)
  Maggie (D:6)
  The ghost of danilk0ff the Conjurer, a novice DECj (D:5)
  Eustachio (D:5)
  2 steam dragons
  Menkaure (D:6)
  Edmund (D:5)
  A water moccasin (D:6)
  An orc warrior (D:7)
  A sky beast (D:7)
  A necrophage (D:5)
  5 ogres
  2 phantoms
  4 centaurs
  A lemure (D:5)
  A kobold brigand (D:7)
  2 bullfrogs
  2 scorpions
  A water moccasin zombie (D:6)
  3 water moccasin skeletons
  5 killer bees (D:7)
  A howler monkey (D:6)
  A bullfrog zombie (D:6)
  3 hounds
  2 jellies
  An orc priest (D:7)
  3 iguanas
  Ijyb (D:3)
  An orc wizard (D:4)
  2 howler monkey zombies
  4 gnolls
  8 adders
  A howler monkey skeleton (D:7)
  An ufetubus (D:7)
  A worm (D:4)
  3 dart slugs
  7 orcs
  4 bats
  8 endoplasms
  3 giant cockroaches
  7 goblins
  6 hobgoblins
  4 jackals (D:2)
  10 kobolds
  4 quokkas
  7 ball pythons
  2 frilled lizards
  3 rats (D:1)
138 creatures vanquished.

Vanquished Creatures (others)
  A scorpion (D:6)
  4 fungi (D:4)
  2 plants (D:4)
7 creatures vanquished.

Grand Total: 145 creatures vanquished

Notes
Turn   | Place    | Note
-------+----------+-------------------------------------------
     0 | D:1      | ChickenMitten the Deep Dwarf Berserker began the quest for
                  | the Orb.
     0 | D:1      | Reached XP level 1. HP: 20/20 MP: 1/1
   129 | D:1      | Reached XP level 2. HP: 27/27 MP: 2/2
  1258 | D:2      | Found a faded altar of an unknown god.
  1408 | D:2      | Reached XP level 3. HP: 10/34 MP: 3/3
  1564 | D:2      | Found a basalt altar of Yredelemnul.
  2041 | D:3      | Reached XP level 4. HP: 42/42 MP: 4/4
  2131 | D:3      | Reached skill level 1 in Maces & Flails
  2177 | D:3      | Found an ornate altar of the Wu Jian Council.
  2339 | D:3      | Noticed Ijyb
  2347 | D:3      | Killed Ijyb
  2351 | D:3      | Reached skill level 5 in Axes
  2351 | D:3      | Reached skill level 3 in Armour
  2355 | D:3      | Reached XP level 5. HP: 26/49 MP: 5/5
  2591 | D:4      | Noticed an ogre
  2748 | D:4      | Found a blossoming altar of Fedhas.
  2748 | D:4      | Noticed an ogre
  2765 | D:4      | Killed an ogre
  2769 | D:4      | Reached XP level 6. HP: 17/57 MP: 6/6
  2933 | D:4      | Found Weabiyru's Jewellery Emporium.
  2947 | D:4      | Reached skill level 4 in Armour
  2949 | D:4      | Reached skill level 1 in Short Blades
  3429 | D:4      | Reached XP level 7. HP: 64/64 MP: 7/7
  3603 | D:4      | Found a hazy altar of Hepliaklqana.
  3604 | D:4      | Found a faded altar of an unknown god.
  3654 | D:5      | Entered Level 5 of the Dungeon
  4167 | D:5      | Noticed Eustachio
  4180 | D:5      | Killed Eustachio
  4181 | D:5      | Reached skill level 5 in Armour
  4355 | D:5      | Noticed Edmund
  4370 | D:5      | Killed Edmund
  4371 | D:5      | Reached XP level 8. HP: 73/73 MP: 8/8
  4452 | D:5      | Found a runed translucent door.
  4564 | D:5      | Found a staircase to the Ecumenical Temple.
  4623 | D:5      | Noticed danilk0ff's ghost (novice DECj)
  5019 | D:5      | Reached skill level 6 in Armour
  5084 | D:5      | Killed danilk0ff's ghost
  5085 | D:5      | Reached skill level 5 in Fighting
  5228 | D:6      | Reached skill level 7 in Armour
  5469 | D:6      | Noticed Menkaure
  5494 | D:6      | Killed Menkaure
  5495 | D:6      | Gained mutation: You passively map the area around you.
                  | [Deep Dwarf growth]
  5495 | D:6      | Reached XP level 9. HP: 71/81 MP: 9/9
  5570 | D:6      | Noticed Pikel
  5761 | D:5      | Killed Pikel
  5762 | D:5      | Reached skill level 5 in Short Blades
  5762 | D:5      | Reached skill level 8 in Armour
  5826 | D:6      | Noticed Maggie
  5858 | D:6      | Killed Maggie
  5922 | D:6      | Reached * piety under Trog
  6540 | D:7      | Reached skill level 9 in Armour
  6582 | D:7      | Found a sacrificial altar of Ru.
  6582 | D:7      | Identified the +8 hand axe of Lyiror {vorpal, rCorr Stlth+}
  6627 | D:7      | Found a bloodstained altar of Trog.
  6714 | D:7      | Gained mutation: Your mind is acute. (Int +2) [potion of
                  | mutation]
  6714 | D:7      | Gained mutation: Your magical capacity is low. (-10% MP)
                  | [potion of mutation]
  6714 | D:7      | Gained mutation: Your magical capacity is very low. (-20%
                  | MP) [potion of mutation]
  6715 | D:7      | Lost mutation: Your magical capacity is very low. (-20% MP)
                  | [potion of mutation]
  6715 | D:7      | Lost mutation: Your mind is acute. (Int +2) [potion of
                  | mutation]
  6715 | D:7      | Lost mutation: Your magical capacity is low. (-10% MP)
                  | [potion of mutation]
  6715 | D:7      | Gained mutation: You have supernaturally acute eyesight.
                  | (SInv) [potion of mutation]
  6715 | D:7      | Gained mutation: You have hidden genetic potential. [potion
                  | of mutation]
  7424 | D:7      | Reached skill level 1 in Crossbows
  7424 | D:7      | Reached XP level 10. HP: 91/91 MP: 9/9
  7557 | D:8      | Noticed Harold
  7581 | D:8      | Killed Harold
  7633 | D:8      | Noticed Psyche
  7643 | D:8      | Reached skill level 10 in Armour
  7665 | D:7      | Killed Psyche
  7671 | D:8      | Noticed a boulder beetle
  7849 | D:7      | HP: 4/92 [boulder beetle (12)]
  7924 | D:7      | Slain by a boulder beetle

Illustrated notes

Levels and vault maps discovered:
D:1:      grunt_arrival_lava_bath, layout_basic
D:2:      layout_loops_cross, hellmonk_ecumenical_altar_arch_garden, basic_altar
D:3:      layout_basic, nzn_wu_jian_contemplation, corexii_shack, hex_medium,
          uniq_ijyb
D:4:      layout_loops_ring, beargit_hepliaklqana_dungeon_heroes,
          fedhas_altar_3, minmay_shop_grid_forest, grunt_ministairs_12
D:5:      layout_basic, minmay_temple_entry_antechambers, ebering_ghost_sewer_d,
          uniq_edmund, uniq_eustachio
D:6:      layout_basic, uniq_maggie, uniq_menkaure, uniq_pikel
D:7:      layout_basic, mainiacjoe_overflow_small_starburst,
          nicolae_ru_awakened_eye, minmay_misc_feat_more_columns,
          minmay_crystal_water
D:8:      wander_kiku_kobolds, layout_loops_ring, uniq_harold, uniq_psyche

Skill      XL: |  1  2  3  4  5  6  7  8  9 10 |
---------------+-------------------------------+-----
Fighting       | 3 4 5 6 |  6.7
Axes           | 4 5 6 |  6.6
Maces & Flails | 1 2 |  2.9
Armour         | 3 4 5 7 9 10 | 10.1
Short Blades   | 1 2 4 6 7 |  7.2
Crossbows      | 1 3 |  3.0
Dodging        | |  2.1

Action                   |  1- 3 |  4- 6 |  7- 9 | 10-12 || total
-------------------------+-------+-------+-------+-------++-------
Melee: Hand axe          |    92 |    39 |       |       ||   131
       Punch             |     2 |     1 |    11 |     8 ||    22
       Dagger            |       |   104 |   569 |   231 ||   904
 Fire: Arbalest          |       |       |    12 |     6 ||    18
Invok: Berserk           |    10 |     8 |    26 |     6 ||    50
 Abil: Heal Wounds       |     1 |       |     6 |    23 ||    30
  Use: Scroll            |       |       |    11 |       ||    11
       Potion            |       |       |     2 |     2 ||     4
Armor: Ring mail         |    21 |     5 |       |       ||    26
       Animal skin       |     1 |       |       |       ||     1
       Chain mail        |       |    60 |   189 |    81 ||   330
       Plate armour      |       |       |    27 |       ||    27
       Skin              |       |       |       |     1 ||     1
Dodge: Dodged            |    40 |    47 |   168 |    83 ||   338
